 Dungeon Crawl Stone Soup version 0.26-a0-610-g3e9335b (webtiles) character file.

Game seed: 7375487169145482770

74 B1Gdaddy5 the Grave Robber (level 4, -1/24 HPs)
             Began as a Vampire Necromancer on Sept 3, 2020.
             Was an Initiate of Yredelemnul.
             Slain by a howler monkey (4 damage)
             ... on level 4 of the Dungeon on Sept 4, 2020.
             The game lasted 00:29:57 (3344 turns).

B1Gdaddy5 the Grave Robber (Vampire Necromancer)    Turns: 3344, Time: 00:29:57

Health: -1/24      AC:  2    Str:  5 (7)  XL:     4   Next: 9%
Magic:  17/17      EV: 12    Int: 17 (18) God:    Yredelemnul [......]
Gold:   128        SH:  0    Dex: 12 (14) Spells: 6/8 levels left

rFire    . . .     SeeInvis +   g - +1 dagger (protect)
rCold    . . .     Faith    .   (no shield)
rNeg     . . .     Spirit   .   a - +0 robe
rPois    .         Reflect  .   (no helmet)
rElec    .         Harm     .   (no cloak)
rCorr    .                      (no gloves)
MR       .....                  (no boots)
Stlth    ++........             (no amulet)
HPRegen  0.28/turn              j - ring of magical power
MPRegen  0.15/turn              h - ring of see invisible

@: regenerating quickly
A: fangs 3, see invisible, [frail 2], unbreathing
a: Exsanguinate, Renounce Religion


You were on level 4 of the Dungeon.
You worshipped Yredelemnul.
Yredelemnul was noncommittal.
You visited 1 branch of the dungeon, and saw 4 of its levels.

You collected 128 gold pieces.

Inventory:

Hand Weapons
 g - a +1 dagger of protection (weapon)
Armour
 a - a +0 robe (worn)
Jewellery
 h - a ring of see invisible (right hand)
 j - a ring of magical power (left hand)
 m - an uncursed ring of flight
Scrolls
 c - 2 scrolls of identify {unknown}
 f - 2 scrolls of enchant weapon {unknown}
 k - 2 scrolls of amnesia {unknown}
 l - a scroll of blinking {unknown}
 o - a scroll of enchant armour {unknown}
Potions
 b - a potion of heal wounds {unknown}
 d - 2 potions of brilliance {unknown}
 e - a potion of degeneration {unknown}
 i - a potion of lignification {unknown}
 n - a potion of mutation {unknown}


   Skills:
 + Level 0.3 Fighting
 + Level 0.4 Short Blades
 + Level 2.4 Dodging
 + Level 3.1 Stealth
 + Level 2.9 Spellcasting
 + Level 5.3 Necromancy


You had 6 spell levels left.
You knew the following spells:

 Your Spells              Type           Power        Failure   Level
a - Pain                  Necr           ###.         1%          1
b - Animate Skeleton      Necr           ###...       1%          1

Your spell library contained the following spells:

 Spells                   Type           Power        Failure   Level
 Vampiric Draining        Necr           ###.......   6%          3
 Animate Dead             Necr           ###.......   21%         4
 Agony                    Necr           ###.....     50%         5


Dungeon Overview and Level Annotations

Branches:
Dungeon (3/15)

Altars:
Trog
Yredelemnul


Innate Abilities, Weirdness & Mutations

Your natural rate of healing is unusually fast.
You have razor-sharp teeth.
You have supernaturally acute eyesight. (SInv)
You can survive without breathing.
[You are very frail. (-20% HP)]


Message History

* * * LOW HITPOINT WARNING * * *
The howler monkey hoots and howls with incredible vigour!
The howler monkey misses you.
The phantom blinks!
The howler monkey hoots and howls with incredible vigour!
You hear an angry hiss.
The quokka twitches its whiskers.
The howler monkey hoots and howls with incredible vigour!
Found a scroll labeled QAL WUMIDACUCO.
The howler monkey barely misses you. The quokka closely misses you.
The howler monkey hits you!
* * * LOW HITPOINT WARNING * * *
You see here a scroll labeled QAL WUMIDACUCO.
The quokka barely misses you. The howler monkey closely misses you.
The quokka bites you.
* * * LOW HITPOINT WARNING * * *
The howler monkey hits you.
You die...
Yredelemnul claims you as an undead slave.

ยง...............#
#####.###.####..#
#.# ### #.W# #.#
#..# #.# #..# #.#
#..## #.# #...#
#.. ..#####rh#
........@#
#.######.# #.# #.#
#.# #.# #.# ..#


You could see a phantom, a howler monkey and a quokka.

Vanquished Creatures
  An adder (D:2)
  An ooze (D:1)
  2 worms (D:2)
  2 dart slugs
  A leopard gecko (D:2)
  5 bats
  4 giant cockroaches
  6 goblins
  9 hobgoblins
  4 jackals (D:1)
  A frilled lizard (D:2)
  2 kobolds
  5 rats
  A spectral orc (D:2)
44 creatures vanquished.

Vanquished Creatures (collateral kills)
  A jackal (D:1)
1 creature vanquished.

Grand Total: 45 creatures vanquished

Notes
Turn   | Place    | Note
-------+----------+-------------------------------------------
     0 | D:1      | B1Gdaddy5 the Vampire Necromancer began the quest for the
                  | Orb.
     0 | D:1      | Reached XP level 1. HP: 13/13 MP: 3/3
   563 | D:1      | Reached XP level 2. HP: 12/15 MP: 0/5
   773 | D:1      | Learned a level 1 spell: Animate Skeleton
  1020 | D:1      | Reached skill level 5 in Necromancy
  1021 | D:1      | You fall into a shaft and drop 1 floor!
  1555 | D:1      | Reached XP level 3. HP: 16/16 MP: 6/6
  2119 | D:2      | Found a basalt altar of Yredelemnul.
  2132 | D:2      | Became a worshipper of Yredelemnul the Dark
  2149 | D:2      | Noticed a moth of wrath
  2152 | D:2      | Found a bloodstained altar of Trog.
  3094 | D:2      | Reached XP level 4. HP: 21/21 MP: 8/8
  3260 | D:3      | You fall into a shaft and drop 1 floor!
  3262 | D:4      | Noticed a phantom
  3344 | D:4      | Slain by a howler monkey

Illustrated notes

Levels and vault maps discovered:
D:1:      dpeg_arrival_long_road, layout_loops_ring, serial_co_window_serial,
          co_window_paths_a, co_window_paths_b, co_window_paths_a,
          co_window_paths_a, co_window_paths_b, co_window_paths_a,
          co_window_of_opportunity_c, co_window_corner_b, co_window_paths_c,
          co_window_of_opportunity_b, co_window_broadway_a, co_window_4corner_b,
          glass_columns_b, glass_columns_a, glass_columns_a, glass_columns_b
D:2:      layout_loops_ring, yredelemnul_forgotten_temple_becter, tgw_trog
D:3:      layout_rooms, nicolae_overflow_crystal_walls
D:4:      layout_loops_ring, nicolae_ossuary_entry_ruins

Skill      XL: |  1  2 |
---------------+-------+-----
Necromancy     | 5 |  5.3
Fighting       | |  0.3
Short Blades   | |  0.4
Dodging        | |  2.4
Stealth        | |  3.1
Spellcasting   | |  2.9

Action                   |  1- 3 |  4- 6 || total
-------------------------+-------+-------++-------
Melee: Unarmed           |     3 |       ||     3
       Bite              |     2 |     1 ||     3
       Dagger            |    36 |     9 ||    45
 Cast: Pain              |    71 |     8 ||    79
       Animate Skeleton  |     3 |       ||     3
 Abil: Exsanguinate      |     2 |       ||     2
       Revivify          |     1 |     1 ||     2
       End Transformatio |     1 |       ||     1
       Bat Form          |     1 |       ||     1
Armor: Robe              |     8 |     4 ||    12
Dodge: Dodged            |    36 |    28 ||    64

Table legend: (Time is in decaauts)
 A = Elapsed time spent in this place.
 B = Non-inter-level travel time spent in this place.
 C = Inter-level travel time spent in this place.
 D = Time resting spent in this place.
 E = Time spent auto-exploring this place.
 F = Levels seen in this place.
 G = Mean time per level.
                   A        B        C        D        E       F      G
               +--------+--------+--------+--------+--------+-----+--------+
         Total |   3253 |   3191 |     62 |   1098 |   1325 |   4 |  813.2 |
       Dungeon |   3253 |   3191 |     62 |   1098 |   1325 |   4 |  813.2 |
               +--------+--------+--------+--------+--------+-----+--------+

Top non-repeatable levels by time:
     D:1: 1806 daAuts
     D:2: 1286 daAuts
     D:4: 83 daAuts
     D:3: 76 daAuts
